 Dungeon Crawl Stone Soup version 0.22.1-1-ga44c0e56f4 (webtiles) character file.

838 Morbidden the Chopper (level 7, 0/55 HPs)
             Began as a Demonspawn Fighter on Oct 25, 2018.
             Was an Initiate of Okawaru.
             Slain by Duvessa
             ... wielding a +0 rapier
              (8 damage)
             ... on level 5 of the Dungeon.
             The game lasted 00:09:11 (3945 turns).

Morbidden the Chopper (Demonspawn Fighter)          Turns: 3945, Time: 00:09:11

Health: 0/55       AC: 10    Str: 18    XL:     7   Next: 67%
Magic:  8/8        EV:  6    Int: 13    God:    Okawaru [......]
Gold:   309        SH: 13    Dex: 12    Spells: 6/6 levels left

rFire    + . .     SeeInvis .   a - +0 war axe
rCold    + . .     Gourm    .   g - +0 large shield (curse)
rNeg     . . .     Faith    .   b - +0 scale mail
rPois    .         Spirit   .   (helmet restricted)
rElec    .         Reflect  .   d - +0 cloak
rCorr    +         Harm     .   r - +0 pair of gloves of Moremox {rC+ rCorr Int+3}
MR       +....                  (no boots)
Stlth    ..........             (no amulet)
HPRegen  0.18/turn              l - ring of protection from fire
MPRegen  0.11/turn              m - ring of protection from magic

@: no status effects
A: antennae 1, talons 1, rugged brown scales 2, blurry vision 1, rot immunity
a: Renounce Religion


You were on level 5 of the Dungeon.
You worshipped Okawaru.
Okawaru was noncommittal.
You were very hungry.

You visited 2 branches of the dungeon, and saw 6 of its levels.

You collected 309 gold pieces.

Inventory:

Hand Weapons
 a - a +0 war axe (weapon)
Armour
 b - a +0 scale mail (worn)
 d - a +0 cloak (worn)
 g - a cursed +0 large shield (worn)
 r - the +0 pair of gloves of Moremox (worn) {rC+ rCorr Int+3}
   (You found it on level 4 of the Dungeon)

   It affects your intelligence (+3).
   It protects you from cold.
   It provides partial protection from all sources of acid and corrosion.
 t - a +0 helmet
Jewellery
 l - a ring of protection from fire (left hand)
 m - a ring of protection from magic (right hand)
 x - an uncursed ring of ice
Wands
 i - a wand of acid (3)
 u - a wand of polymorph (26)
Scrolls
 c - 2 scrolls of identify
 e - 3 scrolls of remove curse {unknown}
 h - 4 scrolls of magic mapping
 n - 4 scrolls of teleportation
 o - a scroll of random uselessness {unknown}
 q - a scroll of noise {unknown}
 s - a scroll of amnesia
 w - a scroll of immolation {unknown}
Potions
 j - 2 potions of might
 v - a potion of curing
Comestibles
 f - 12 rations


   Skills:
 + Level 3.7 Fighting
 * Level 6.8 Axes
 - Level 2.6 Armour
 + Level 1.4 Dodging
 + Level 4.1 Shields
 * Level 1.6 Invocations


You had 6 spell levels left.
You didn't know any spells.
Your spell library contained the following spells:

 Spells                   Type           Power        Failure   Level  Hunger
 Corona                   Hex            #......      100%        1    ##.....
 Ensorcelled Hibernation  Hex/Ice        #.....       100%        2    ###....
 Confuse                  Hex            #.......     100%        3    ####...
 Dazzling Spray           Conj/Hex       #.....       100%        3    ####...
 Tukima's Dance           Hex            #.......     100%        3    ####...


Dungeon Overview and Level Annotations

Branches:
Dungeon (5/15)             Temple (1/1) D:5

Altars:
Gozag
Makhleb
Okawaru
Ru
Uskayaw
Vehumet
Wu Jian
Zin

Shops:
D:4 ?

Annotations:
D:5 Duvessa


Innate Abilities, Weirdness & Mutations

You have sharp toenails.
You are mostly covered in rugged brown scales. (AC +2, +5% HP)
You are immune to rotting.
You have a pair of small antennae on your head.
Scrolls take you a little longer to read.


Message History

* * * LOW HITPOINT WARNING * * *
Unknown command.
Unknown command.
Your shield and scale mail prevent you from hitting Duvessa.
Duvessa is heavily wounded.
Duvessa hits you with a rapier!
* * * LOW HITPOINT WARNING * * *
Unknown command.
Okay, then.
Unknown command.
Unknown command.
Evoke which item? (* to show all) (? for menu, Esc to quit)
Aiming: Corrosive Bolt
Press: ? - help, Shift-Dir - straight line, f - Duvessa
Aim: Duvessa, wielding a rapier and wearing a scale mail (heavily wounded, The bolt of acid hits Duvessa.
Duvessa is splashed with acid.
The acid corrodes Duvessa!
Duvessa is severely wounded.
You block Duvessa's attack. Duvessa hits you with a rapier!
You die...

#........ #....... #
#.....##.# # #.......##.
## #........ .##
#.####### ..## #†#.##
...###....#########.#...
................@.......
..............†e###.#...
...###...######.# .#.#
#...# #.# #.# ##.#
#..>#### #.# #.# ##.#
#......# #.# #.# #+
#.####..##.###.### #.#
#. #.......##.......#
#.# #.
#######.###.8.8.8.## #.#
##.


You could see Duvessa (berserk).

Vanquished Creatures
  Menkaure (D:5)
  An ogre (D:4)
  A bullfrog (D:4)
  Dowan (D:5)
  A scorpion (D:5)
  2 howler monkeys (D:5)
  A hound (D:5)
  An orc priest (D:5)
  3 orc wizards (D:5)
  Crazy Yiuf (D:3)
  Jessica (D:2)
  2 worker ants (D:4)
  Robin (D:4)
  2 adders
  A shadow imp (D:5)
  3 worms
  4 dart slugs
  8 leopard geckos
  8 orcs
  9 bats
  2 giant cockroaches
  17 goblins
  7 hobgoblins
  3 quokkas
  A ball python (D:2)
  4 frilled lizards
  4 kobolds
  7 rats (D:2)
97 creatures vanquished.

Notes
Turn   | Place    | Note
-------+----------+-------------------------------------------
     0 | D:1      | Morbidden the Demonspawn Fighter began the quest for the
                  | Orb.
     0 | D:1      | Reached XP level 1. HP: 18/18 MP: 1/1
   132 | D:1      | Reached skill level 2 in Axes
   175 | D:1      | Gained mutation: You are partially covered in rugged brown
                  | scales. (AC +1, +3% HP) [demonic ancestry]
   175 | D:1      | Reached XP level 2. HP: 13/24 MP: 2/2
   946 | D:2      | Reached skill level 3 in Axes
   946 | D:2      | Gained mutation: You are immune to rotting. [demonic
                  | ancestry]
   946 | D:2      | Reached XP level 3. HP: 28/29 MP: 3/3
   959 | D:2      | Noticed Jessica
   966 | D:2      | Killed Jessica
  1080 | D:2      | Reached XP level 4. HP: 36/36 MP: 4/4
  1122 | D:2      | Noticed a dagger
  1123 | D:2      | Found a hide-covered altar of Uskayaw.
  1123 | D:2      | Noticed a hand axe
  1669 | D:3      | Reached skill level 4 in Axes
  1950 | D:3      | Found a runed door.
  1954 | D:3      | Noticed Crazy Yiuf
  1960 | D:3      | Killed Crazy Yiuf
  1960 | D:3      | Reached XP level 5. HP: 23/42 MP: 5/5
  2546 | D:4      | Got a pair of brightly glowing gloves
  2547 | D:4      | Identified the +0 pair of gloves of Moremox {rC+ rCorr
                  | Int+3} (You found it on level 4 of the Dungeon)
  2782 | D:4      | Found Datal's Magic Scroll Boutique.
  2783 | D:4      | Noticed Robin
  2802 | D:4      | Killed Robin
  2802 | D:4      | Gained mutation: You are mostly covered in rugged brown
                  | scales. (AC +2, +5% HP) [demonic ancestry]
  2802 | D:4      | Reached XP level 6. HP: 20/49 MP: 6/6
  2806 | D:4      | Reached skill level 5 in Axes
  2897 | D:4      | Gained mutation: You have large cloven feet. [potion of
                  | mutation]
  2897 | D:4      | Gained mutation: Scrolls take you a little longer to read.
                  | [potion of mutation]
  2897 | D:4      | Gained mutation: You have a pair of small antennae on your
                  | head. [potion of mutation]
  3242 | D:4      | Reached skill level 1 in Dodging
  3449 | D:5      | Entered Level 5 of the Dungeon
  3703 | D:5      | Lost mutation: You have large cloven feet. [demonic
                  | ancestry]
  3703 | D:5      | Gained mutation: You have sharp toenails. [demonic
                  | ancestry]
  3703 | D:5      | Reached XP level 7. HP: 21/54 MP: 7/7
  3712 | D:5      | Reached skill level 6 in Axes
  3718 | D:5      | Found a staircase to the Ecumenical Temple.
  3738 | Temple   | Entered the Ecumenical Temple
  3762 | Temple   | Became a worshipper of Warmaster Okawaru
  3894 | D:5      | Noticed Menkaure
  3903 | D:5      | Killed Menkaure
  3903 | D:5      | Reached skill level 1 in Invocations
  3909 | D:5      | Noticed Ijyb
  3913 | D:5      | Noticed Ijyb
  3913 | D:5      | Ijyb changed into Ijyb the howler monkey
  3915 | D:5      | Killed Ijyb the howler monkey
  3926 | D:5      | Noticed Dowan
  3927 | D:5      | Noticed Duvessa
  3941 | D:5      | Killed Dowan
  3945 | D:5      | Slain by Duvessa

Skill      XL: |  1  2  3  4  5  6  7 |
---------------+----------------------+-----
Axes           | 2 3 4 5 6 |  6.8
Shields        | 3 4 |  4.1
Dodging        | 1 |  1.4
Invocations    | 1 |  1.6
Fighting       | |  3.7
Armour         | |  2.6

Action                   |  1- 3 |  4- 6 |  7- 9 || total
-------------------------+-------+-------+-------++-------
Melee: War axe           |    80 |   177 |    37 ||   294
       Kick              |       |     9 |     8 ||    17
Throw: Throwing net      |       |     2 |       ||     2
Evoke: Wand              |       |       |     4 ||     4
  Use: Scroll            |       |     9 |     1 ||    10
       Potion            |       |     6 |     2 ||     8
  Eat: Chunk             |     1 |     8 |       ||     9
Armor: Scale mail        |    36 |    93 |    17 ||   146
Dodge: Dodged            |     7 |    31 |    15 ||    53
Block: Shield            |     5 |       |       ||     5
       Large shield      |    41 |   148 |    35 ||   224
